 Dungeon Crawl Stone Soup version 0.28.0-53-g5a82cb258f (webtiles) character file.

Game seed: 9628369056679476953

2676 Zeld the Thaumaturge (level 9, -3/45 HPs)
             Began as a Deep Elf Fire Elementalist on May 22, 2022.
             Was a Believer of Vehumet.
             Slain by a gnoll shaman
             ... wielding a +0 spear
              (7 damage)
             ... in a bailey.
             The game lasted 00:10:03 (7960 turns).

Zeld the Thaumaturge (Deep Elf Fire Elementalist)   Turns: 7960, Time: 00:10:04

Health: -3/45      AC:  6    Str:  5    XL:     9   Next: 37%
Magic:  6/24       EV: 13    Int: 25    God:    Vehumet [**....]
Gold:   206        SH:  0    Dex: 15    Spells: 11/27 levels left

rFire   . . .      SeeInvis .   (no weapon)
rCold   . . .      Faith    .   (no shield)
rNeg    . . .      Spirit   .   r - +1 leather armour of the Forest {Will+ Regen+ Stlth-}
rPois   .          Reflect  .   j - +0 helmet
rElec   .          Harm     .   p - scarf {repulsion}
rCorr   .          Rampage  .   t - +0 pair of gloves
Will    +....                   (no boots)
Stlth   +.........              f - amulet of magic regeneration
HPRegen 0.95/turn               (no ring)
MPRegen 0.59/turn               (no ring)

@: repel missiles
A: no striking features
a: Renounce Religion


You were in a bailey.
You worshipped Vehumet.
Vehumet was pleased with you.
You visited 2 branches of the dungeon, and saw 8 of its levels.
You also visited: Bailey.

You collected 376 gold pieces.
You spent 170 gold pieces at shops.

Inventory:

Armour
 j - a +0 helmet (worn)
 p - a scarf of repulsion (worn)
 r - the +1 leather armour of the Forest (worn) {Will+ Regen+ Stlth-}
   (You found it on level 5 of the Dungeon)

   Regen:     It increases your rate of health regeneration.
   Will:      It increases your willpower.
   Stlth:     It makes you less stealthy.
 t - a +0 pair of gloves (worn)
Jewellery
 f - an amulet of magic regeneration (around neck)
Wands
 h - a wand of iceblast (27)
 m - a wand of flame (29)
 n - a wand of charming (3)
 q - a wand of acid (8)
 x - a wand of digging (2)
Scrolls
 a - a scroll of fog {unknown}
 b - 2 scrolls of immolation {unknown}
 c - 8 scrolls of identify {unknown}
 e - a scroll of amnesia {unknown}
 k - 3 scrolls of blinking {unknown}
 o - 2 scrolls of magic mapping {unknown}
 y - a scroll of summoning {unknown}
Potions
 d - a potion of might {unknown}
 g - a potion of resistance
 i - 3 potions of curing
 l - 3 potions of attraction {unknown}
 s - a potion of degeneration {unknown}
 u - a potion of heal wounds {unknown}
 w - a potion of cancellation


   Skills:
 + Level 6.3 Dodging
 - Level 2.4 Stealth
 * Level 9.6 Spellcasting
 + Level 5.3 Conjurations
 - Level 2.0 Hexes
 - Level 2.0 Transmutations
 * Level 8.5 Fire Magic
 - Level 2.0 Air Magic
 - Level 2.0 Poison Magic


You had 11 spell levels left.
You knew the following spells:

 Your Spells              Type           Power      Damage    Failure   Level
a - Foxfire               Conj/Fire      100%       2x1d9     1%          1
b - Scorch                Fire           100%       2d10      1%          2
c - Inner Flame           Hex/Fire       38%        N/A       3%          3
d - Ignite Poison         Fire/Tmut/Pois 32%        N/A       4%          3
e - Sticky Flame          Conj/Fire      46%        2d6       4%          4
z - Mephitic Cloud        Conj/Pois/Air  27%        N/A       7%          3

Your spell library contained the following spells:

 Spells                   Type           Power      Damage    Failure   Level
 Static Discharge         Conj/Air       30%        N/A       2%          2
 Magic Dart               Conj           100%       1d8       1%          1
 Conjure Flame            Conj/Fire      46%        6-21      1%          3
 Flame Wave               Conj/Fire      46%        2d10      4%          4
 Call Imp                 Summ           12%        N/A       13%         2
 Hailstorm                Conj/Ice       25%        3d7       28%         4
 Ice Form                 Ice/Tmut       17%        N/A       50%         4
 Animate Armour           Summ/Erth      24%        N/A       65%         4
 Summon Ice Beast         Ice/Summ       12%        N/A       65%         4
 Blade Hands              Tmut           11%        N/A       71%         5
 Summon Mana Viper        Hex/Summ       17%        N/A       85%         5
 Summon Forest            Summ/Tloc      6%         N/A       94%         5
 Iron Shot                Conj/Erth      12%        9d3       99%         6
 Simulacrum               Ice/Necr       6%         N/A       100%        6
 Summon Cactus Giant      Summ           6%         N/A       100%        6
 Monstrous Menagerie      Summ           6%         N/A       100%        7


Dungeon Overview and Level Annotations

Branches:
Dungeon (7/15)             Temple (1/1) D:5          Bailey (1/1)

Altars:
Dithmenos
Elyvilon
Fedhas
Gozag
Makhleb
Nemelex Xobeh
Okawaru
Qazlal
Ru
Trog
Uskayaw
Vehumet
Wu Jian
Xom
Yredelemnul
Zin
The Shining One

Shops:
D:4 :   D:6 *

Annotations:
D:6 2 transporters


Message History

Flames lash the gnoll.
The gnoll is burned terribly!
You kill the gnoll!
Vehumet accepts your kill.
The gnoll shaman hits you from afar with a +0 spear.
Unknown command.
Unknown command.
Casting: Scorch (safe; 1% risk of failure)
Confirm with . or Enter, or press ? or * to list all spells.
Flames lash the gnoll shaman.
The gnoll shaman is heavily wounded.
The gnoll shaman hits you from afar with a +0 spear.
Unknown command.
Casting: Scorch (safe; 1% risk of failure)
Confirm with . or Enter, or press ? or * to list all spells.
Flames lash the gnoll sergeant.
The gnoll sergeant is lightly wounded.
The gnoll sergeant's fire resistance burns away.
The gnoll shaman hits you from afar with a +0 spear.
Unknown command.
Casting: Scorch (safe; 1% risk of failure)
Confirm with . or Enter, or press ? or * to list all spells.
Flames lash the gnoll sergeant.
The gnoll sergeant is burned terribly!
The gnoll sergeant is moderately wounded.
The gnoll sergeant hits you from afar with a +0 halberd!
The gnoll shaman hits you but does no damage.
Unknown command.
Casting: Scorch (safe; 1% risk of failure)
Confirm with . or Enter, or press ? or * to list all spells.
Flames lash the gnoll sergeant.
The gnoll sergeant is burned terribly!
The gnoll sergeant is heavily wounded.
The gnoll sergeant hits you from afar with a +0 halberd!
The gnoll shaman hits you from afar with a +0 spear!
* * * LOW HITPOINT WARNING * * *
Casting: Scorch (safe; 1% risk of failure)
Confirm with . or Enter, or press ? or * to list all spells.
Flames lash the gnoll sergeant.
The gnoll sergeant is burned terribly!
The gnoll sergeant is severely wounded.
The gnoll sergeant closely misses you.
The gnoll shaman hits you from afar with a +0 spear!
You die...

♣≈≈≈≈≈≈≈...≈≈≈≈≈≈≈♣♣
♣≈≈...............≈≈♣
♣≈.......))........≈♣
♣≈.######()'######.≈♣
♣≈. #...# #.≈♣ ♣≈#
#...# ##≈♣ ♣≈ #.).#
≈♣ ##)## ≈♣ ##.@.##
≈♣ ##..)..## ≈♣
#.).gg..# ≈♣
#..$8)..# #..†....#
##.....## ##...##
##'## ..


You could see a gnoll sergeant (combustible) and a gnoll shaman (combustible).

Vanquished Creatures
  Menkaure (D:4)
  Edmund (D:4)
  3 ogres
  2 sky beasts (D:6)
  3 necrophages
  2 wolves (Bailey)
  4 gnoll sergeants (Bailey)
  3 scorpions (D:5)
  A water moccasin zombie (D:5)
  A water moccasin skeleton (D:5)
  5 wights (D:5)
  A bullfrog zombie (D:5)
  2 centaur zombies
  3 hounds
  2 jellies (D:6)
  3 orc priests
  Ijyb (D:3)
  2 gnoll shamans
  An iguana (D:5)
  3 orc wizards (D:6)
  5 adders
  18 gnolls
  A shadow imp (D:5)
  A white imp (D:6)
  3 dart slugs
  17 orcs
  6 endoplasms
  A giant cockroach (D:2)
  11 goblins
  9 hobgoblins
  4 quokkas
  7 ball pythons
  10 bats
  3 frilled lizards
  5 kobolds
  4 rats
149 creatures vanquished.

Vanquished Creatures (others)
  27 foxfires
27 creatures vanquished.

Grand Total: 176 creatures vanquished

Notes
Turn   | Place    | Note
-------+----------+-------------------------------------------
     0 | D:1      | Zeld the Deep Elf Fire Elementalist began the quest for the
                  | Orb.
     0 | D:1      | Reached XP level 1. HP: 10/10 MP: 6/6
   403 | D:1      | Reached XP level 2. HP: 13/15 MP: 0/8
   406 | D:1      | Learned a level 2 spell: Scorch
  1321 | D:1      | Reached XP level 3. HP: 19/19 MP: 7/10
  1331 | D:1      | Learned a level 3 spell: Inner Flame
  1670 | D:1      | Found a faded altar of an unknown god.
  2166 | D:2      | Reached skill level 4 in Spellcasting
  2166 | D:2      | Reached XP level 4. HP: 24/24 MP: 4/12
  2522 | D:2      | Reached skill level 1 in Hexes
  3558 | D:3      | Noticed Ijyb
  3566 | D:3      | Killed Ijyb
  3834 | D:3      | Reached XP level 5. HP: 28/28 MP: 10/13
  3871 | D:3      | Learned a level 3 spell: Ignite Poison
  3877 | D:3      | Learned a level 4 spell: Sticky Flame
  4285 | D:4      | Noticed an ogre
  4302 | D:4      | Killed an ogre
  4303 | D:4      | Reached skill level 5 in Spellcasting
  4640 | D:4      | Reached XP level 6. HP: 32/32 MP: 10/15
  4763 | D:4      | Noticed Menkaure
  4765 | D:4      | Killed Menkaure
  4766 | D:4      | Reached skill level 1 in Transmutations
  4766 | D:4      | Reached skill level 5 in Fire Magic
  4766 | D:4      | Reached skill level 1 in Poison Magic
  4860 | D:4      | Found Zuamm's Book Shop.
  5357 | D:5      | Entered Level 5 of the Dungeon
  5357 | D:5      | Noticed Edmund
  5386 | D:4      | Killed Edmund
  5387 | D:4      | Reached XP level 7. HP: 11/36 MP: 8/17
  5612 | D:5      | Reached skill level 6 in Spellcasting
  5624 | D:5      | Identified the +1 leather armour of the Forest {Will+
                  | Regen+ Stlth-}
  5685 | D:5      | Found a staircase to the Ecumenical Temple.
  5707 | D:5      | Learned a level 3 spell: Mephitic Cloud
  5792 | Temple   | Entered the Ecumenical Temple
  5812 | Temple   | Became a worshipper of Vehumet
  6039 | D:5      | Reached skill level 1 in Air Magic
  6183 | D:5      | Reached XP level 8. HP: 39/41 MP: 16/20
  6223 | D:5      | Reached skill level 7 in Spellcasting
  6335 | D:5      | Identified the +10 short sword of Analysis {chaos, Int+4}
  6412 | D:5      | Reached skill level 5 in Dodging
  6575 | D:5      | Found a sparkling altar of Nemelex Xobeh.
  6638 | D:6      | Reached * piety under Vehumet
  6638 | D:6      | Offered knowledge of Shock by Vehumet.
  6705 | D:6      | Reached skill level 8 in Spellcasting
  7051 | D:6      | Found Cefua's Commerce Corner.
  7061 | D:6      | Bought a +0 cloak for 49 gold pieces
  7084 | D:6      | Bought a potion of cancellation for 88 gold pieces
  7084 | D:6      | Bought a potion of curing for 33 gold pieces
  7162 | D:6      | Found a transporter.
  7194 | D:6      | Found a transporter.
  7213 | D:6      | Reached XP level 9. HP: 45/45 MP: 17/23
  7553 | D:7      | Found a flagged portal.
  7559 | Bailey   | Entered a bailey
  7569 | Bailey   | Reached skill level 9 in Spellcasting
  7571 | Bailey   | Reached ** piety under Vehumet
  7571 | Bailey   | Offered knowledge of Static Discharge by Vehumet.
  7818 | Bailey   | Reached skill level 5 in Conjurations
  7960 | Bailey   | Slain by a gnoll shaman

Illustrated notes

Levels and vault maps discovered:
D:1:      lemuel_arrival_rhombus, layout_loops_ring,
          chequers_ecumenical_altar_grove
D:2:      layout_basic
D:3:      layout_basic, kennysheep_generic_room_4, uniq_ijyb
D:4:      layout_cave_pods, serial_shops, shop, uniq_menkaure
D:5:      layout_rooms, mainiacjoe_overflow_alcove_1,
          minmay_temple_entry_offerings, uniq_edmund
D:6:      gammafunk_cloud_chamber, layout_basic, nicolae_alphabet_shops
D:7:      layout_layer_cave, enter_bailey_3, dk_noncrumbling_3, chequers_garden,
          feat_on_display, uniq_duvessa, uniq_crazy_yiuf_cottage, uniq_pikel
Temple:   eino_temple_scatter_basement
Bailey:   bailey_polearm_gnolls_kennysheep, bailey

Skill      XL: |  1  2  3  4  5  6  7  8  9 |
---------------+----------------------------+-----
Dodging        | 3 4 5 6 |  6.3
Spellcasting   | 4 5 6 8 9 |  9.6
Fire Magic     | 4 5 6 7 8 |  8.5
Hexes          | 1 2 |  2.0
Conjurations   | 2 3 4 5 |  5.3
Transmutations | 1 2 |  2.0
Poison Magic   | 1 2 |  2.0
Air Magic      | 1 2 |  2.0
Stealth        | |  2.4

Action                   |  1- 3 |  4- 6 |  7- 9 || total
-------------------------+-------+-------+-------++-------
Melee: Unarmed           |    16 |     7 |     3 ||    26
       Punch             |       |     1 |       ||     1
 Cast: Foxfire           |    19 |       |     2 ||    21
       Scorch            |    31 |    68 |   131 ||   230
       Sticky Flame      |       |     3 |       ||     3
       Mephitic Cloud    |       |       |    12 ||    12
       Ignite Poison     |       |       |    12 ||    12
 Stab: Sleeping          |     1 |       |       ||     1
Armor: Robe              |     1 |     6 |       ||     7
       Leather armour    |       |       |     9 ||     9
Dodge: Dodged            |    14 |    25 |    40 ||    79
